 Dungeon Crawl Stone Soup version 0.30.0-16-gbe6223bb7e (webtiles) character file.

Game seed: 1275422407081036857

29 AlmostDecent the Chopper (level 3, -1/33 HPs)
             Began as a Minotaur Berserker on May 20, 2023.
             Was a Follower of Trog.
             Succumbed to a kobold's poison
             ... on level 1 of the Dungeon.
             The game lasted 00:01:42 (483 turns).

AlmostDecent the Chopper (Minotaur Berserker)        Turns: 483, Time: 00:01:42

Health: -1/33      AC:  2    Str: 23    XL:     3   Next: 1%
Magic:  2/2        EV: 12    Int:  4    God:    Trog [*.....]
Gold:   35         SH:  0    Dex:  9    Spells: 2/2 levels left

rFire   . . .        a - +0 hand axe
rCold   . . .        (no shield)
rNeg    . . .        b - +0 animal skin
rPois   .            (helmet restricted)
rElec   .            (no cloak)
rCorr   .            (no gloves)
SInv    .            (no boots)
Will    .....        (no amulet)
Stlth   +            (no ring)
HPRegen 0.25/turn    (no ring)
MPRegen 0.08/turn

%: no passive effects
@: lethally poisoned (-1 -> -7), on berserk cooldown, slowed, very slow
A: horns 2, retaliatory headbutt
a: Renounce Religion, Berserk


You were on level 1 of the Dungeon.
You worshipped Trog.
Trog was aware of your devotion.
You visited 1 branch of the dungeon, and saw 1 of its levels.

You collected 35 gold pieces.

Inventory:

Hand Weapons
 a - a +0 hand axe (weapon)
Armour
 b - a +0 animal skin (worn)
Scrolls
 c - a scroll of fear {unknown}
 d - a scroll of blinking {unknown}


   Skills:
 + Level 4.2 Fighting
 * Level 4.5 Axes
 - Level 2.5 Armour
 - Level 2.2 Dodging


You had 2 spell levels left.
You didn't know any spells.
Your spell library was empty.

Dungeon Overview and Level Annotations

Branches:
Dungeon (1/15)

Altars:


Innate Abilities, Weirdness & Mutations

You have a pair of horns on your head.
You reflexively headbutt those who attack you in melee.


Message History

You closely miss the kobold.
You feel sick.
The kobold hits you with a +2 short sword of venom.
You are more poisoned.
You closely miss the kobold. Your headbutt misses the kobold.
You feel very sick.
The kobold hits you with a +2 short sword of venom.
You are more poisoned.
You are too injured to fight recklessly!
You are too injured to fight recklessly!
A red film seems to cover your vision as you go berserk!
You feel yourself moving faster!
You feel mighty!
You can no longer call upon Trog for regeneration and willpower.
* * * LOW HITPOINT WARNING * * *
You feel very sick. The kobold barely misses you.
You barely miss the kobold. You headbutt the kobold.
You kill the kobold!
Trog accepts your kill.
* * * LOW HITPOINT WARNING * * *
You feel very sick.
You have reached level 3!
Your experience leads to an increase in your attributes!
Increase (S)trength, (I)ntelligence, or (D)exterity?
You feel stronger. x2
Unknown command.
* * * LOW HITPOINT WARNING * * *
You feel sick.
You feel a strong urge to attack something.
* * * LOW HITPOINT WARNING * * *
You feel sick.
You are too berserk!
* * * LOW HITPOINT WARNING * * *
You feel sick.
You feel your anger nearly subside.
You are no longer berserk.
You are exhausted.
You feel yourself slow down.
* * * LOW HITPOINT WARNING * * *
You feel sick.
You aren't carrying any potions.
You die...

#..# #.##.# #..# #.#
#..# ######.#
#..##########......#
#.............######
#.############# #.# #
#.###################.#
#.............@.....).#
#######################


There were no monsters in sight!

Vanquished Creatures
  2 dart slugs (D:1)
  2 endoplasms (D:1)
  2 giant cockroaches (D:1)
  2 goblins (D:1)
  4 hobgoblins (D:1)
  4 kobolds (D:1)
  A ball python (D:1)
  A bat (D:1)
  2 frilled lizards (D:1)
  4 rats (D:1)
24 creatures vanquished.

Notes
Turn   | Place    | Note
-------+----------+-------------------------------------------
     0 | D:1      | AlmostDecent the Minotaur Berserker began the quest for the
                  | Orb.
     0 | D:1      | Reached XP level 1. HP: 19/19 MP: 0/0
    67 | D:1      | Reached XP level 2. HP: 24/27 MP: 1/1
   303 | D:1      | Reached ** piety under Trog
   479 | D:1      | Reached XP level 3. HP: 10/33 MP: 2/2
   482 | D:1      | HP: 1/33 [poisoned by a kobold]
   483 | D:1      | Succumbed to a kobold's poison

Illustrated notes

Levels and vault maps discovered:
D:1:      dpeg_arrival_arbitrary_a, layout_loops_ring, bh_walls_and_bars

Skill      XL: |  1  2 |
---------------+-------+-----
Fighting       | 4 |  4.2
Axes           | 4 |  4.5
Armour         | |  2.5
Dodging        | |  2.2

Action                     || total
---------------------------++-------
  Melee: Hand axe          ||    57
         Headbutt          ||     3
 Invoke: Berserk           ||     1
 Armour: Animal skin       ||    10
  Dodge: Dodged            ||    30
